 Dungeon Crawl Stone Soup version 0.19.0-24-gb05acd6 (console) character file.

16 Jesseh the Covered (level 2, 0/28 HPs)
             Began as a Deep Dwarf Fighter on Nov 21, 2016.
             Slain by a gnoll
             ... wielding a +0 halberd
              (8 damage)
             ... on level 2 of the Dungeon.
             The game lasted 00:03:07 (612 turns).

Jesseh the Covered (Deep Dwarf Fighter)              Turns: 612, Time: 00:03:07

Health: 0/28       AC:  8    Str: 19    XL:     2   Next: 37%
Magic:  2/2        EV:  7    Int:  8    God:
Gold:   42         SH:  9    Dex: 12    Spells: 0 memorised, 1 level left

rFire  . . .     SeeInvis .     a - +0 war axe
rCold  . . .     Gourm    .     n - +0 scale mail
rNeg   . . .     Faith    .     c - +0 shield
rPois  .         Spirit   .     (no helmet)
rElec  .         Reflect  .     (no cloak)
rCorr  .         Harm     .     g - +0 pair of gloves {archery}
MR     .....                    (no boots)
Stlth  ..........               (no amulet)
                                (no ring)
                                (no ring)

@: non-regenerating
A: damage resistance, recharge devices, sense surroundings 1, slow regeneration
3
a: Device Recharging


You were on level 2 of the Dungeon.
You were not hungry.

You visited 1 branch of the dungeon, and saw 2 of its levels.

You collected 42 gold pieces.

Inventory:

Hand Weapons
 a - a +0 war axe (weapon)
Armour
 b - a +0 scale mail
 c - a +0 shield (worn)
 g - a +0 pair of gloves of archery (worn)
   (You found it on level 1 of the Dungeon)
 n - a +0 scale mail (worn)
   (You found it on level 1 of the Dungeon)
 o - a cursed +0 robe
   (You found it on level 1 of the Dungeon)
Wands
 e - a wand of heal wounds (5/9)
Scrolls
 j - a scroll of amnesia {unknown}
 m - a scroll of teleportation {unknown}
Potions
 d - 2 potions of might
 h - a potion of agility {unknown}
Comestibles
 f - a bread ration
 k - 2 beef jerkies
 l - a meat ration


   Skills:
 + Level 3.0 Fighting
 * Level 2.8 Axes
 + Level 3.4 Armour
 - Level 3.2 Shields


You had one spell level left.
You didn't know any spells.

Dungeon Overview and Level Annotations

Branches:
Dungeon (2/15)

Altars:


Innate Abilities, Weirdness & Mutations

You are resistant to damage.
You can recharge devices by infusing magical energy.
You passively map a small area around you.
You do not regenerate.


Message History

You block the goblin's attack.
You slash the goblin!
You kill the goblin!
Things that are here:
a dagger; a goblin corpse You butcher the goblin corpse.
i - 7 chunks of flesh (gained 1)
You see here a dagger.
You see here a scale mail.
Firing (i - inventory): No suitable missiles.
Marked for pickup.
Okay, then.
n - a scale mail Wield which item (- for none, * to show all)? (? for menu, Esc to quit)
Okay, then.
Wear which item? (? for menu, Esc to quit)
You start removing your armour.
You continue taking off your +0 scale mail. x4
You finish taking off your +0 scale mail.
You start putting on your armour.
You continue putting on your scale mail. x5
You finish putting on your +0 scale mail.
A frilled lizard comes into view.
The frilled lizard hisses angrily.
The frilled lizard barely misses you.
You slash the frilled lizard!
You kill the frilled lizard!
You see here a frilled lizard corpse.
You butcher the frilled lizard corpse.
i - 8 chunks of flesh (gained 1)
You now have 35 gold pieces (gained 10).
You open the door.
There is an open door here.
You open the door.
Some of the chunks of flesh in your inventory have rotted away.
There is an open door here.
You open the door.
There is an open door here.
You open the door.
There is an open door here.
You open the door.
There is an open door here.
You open the door.
There is an open door here.
A hobgoblin comes into view. It is wielding a club.
The hobgoblin shouts!
You see here 24 stones.
The hobgoblin hits you but does no damage.
You see here a club.
You hit the hobgoblin but do no damage. The hobgoblin hits you with a club.
You closely miss the hobgoblin.
The hobgoblin hits you but does no damage.
You barely miss the hobgoblin. The hobgoblin hits you with a club.
The hobgoblin closely misses you.
Your shield and scale mail prevent you from hitting the hobgoblin.
You block the hobgoblin's attack.
You slash the hobgoblin!
You kill the hobgoblin!
Your Fighting skill increases to level 3!
You see here a club.
You see here a club.
You see here a club.
There is a stone staircase leading down here.
There is a stone staircase leading down here.
Some of the chunks of flesh in your inventory have rotted away.
A kobold comes into view. It is wielding a whip.
You hit the kobold but do no damage. The kobold hits you with a whip.
You hit the kobold. You block the kobold's attack.
The kobold hits you with a whip.
You hit the kobold.
You kill the kobold!
You see here a whip.
o - a glowing robe You now have 42 gold pieces (gained 7).
You see here a naga barding.
Some of the chunks of flesh in your inventory have rotted away.
All of the chunks of flesh in your inventory have rotted away.
Done exploring.
There is an escape hatch in the floor here.
You slide downwards.
The hatch slams shut behind you. 4 gnolls come into view.
A gnoll is wielding a flail of protection.
The gnoll shouts! x3
You block the gnoll's attack.
The gnoll throws a throwing net.
The throwing net hits you.
You become entangled in the net!
You tear a large gash into the net.
The gnoll hits you from afar with a halberd.
The gnoll hits you from afar with a spear.
You shred the net and break free!
The gnoll hits you with a flail of protection.
The gnoll hits you from afar with a spear.
You closely miss the gnoll. You block the gnoll's attack.
The gnoll hits you from afar with a spear.
The gnoll barely misses you. You block the gnoll's attack.
The gnoll hits you from afar with a halberd.
* * * LOW HITPOINT WARNING * * *
You slash the gnoll!
The gnoll hits you but does no damage. x2
The gnoll barely misses you.
The gnoll hits you from afar with a halberd!
You die...

, ░ ░ ▒▒.,
, ,
..▒▒▒▒▒▒▒▒
░
.........▒
▒.€....▒..
▒.........
, ,
▒.......▒
▒.......▒
▒.g....▒
▒..g...▒
▒ggg...▒
▒...??.▒
▒......▒
▒▒▒▒▒▒▒▒


You could see 4 gnolls.

Vanquished Creatures
  An ooze (D:1)
  A dart slug (D:1)
  3 hobgoblins (D:1)
  A frilled lizard (D:1)
  3 goblins (D:1)
  A kobold (D:1)
10 creatures vanquished.

Notes
Turn   | Place    | Note
-------+----------+-------------------------------------------
     0 | D:1      | Jesseh the Deep Dwarf Fighter began the quest for the Orb.
     0 | D:1      | Reached XP level 1. HP: 20/20 MP: 1/1
   133 | D:1      | Reached XP level 2. HP: 22/27 MP: 2/2
   434 | D:1      | Reached skill level 3 in Fighting
   612 | D:2      | Slain by a gnoll

Skill      XL: |  1  2 |
---------------+-------+-----
Fighting       | 3 |  3.0
Axes           | |  2.8
Armour         | |  3.4
Shields        | |  3.2

Action                   || total
-------------------------++-------
Melee: War axe           ||    41
Armor: Scale mail        ||    11
Dodge: Dodged            ||     9
Block: Shield            ||    18

Vault maps used:
D:1:      minmay_arrival_doors

Table legend:
 A = Turns spent in this place as a percentage of turns spent in the entire game.
 B = Non-inter-level travel turns spent in this place as a percentage of non-inter-level travel turns spent in the entire game.
 C = Inter-level travel turns spent in this place as a percentage of turns spent in this place.
 D = Turns resting spent in this place as a percentage of non-inter-level travel turns spent in this place.
 E = Turns spent auto-exploring this place as a percentage of non-inter-level travel turns spent in this place.
 F = Non-inter-level travel turns spent in this place divided by the number of levels of this place that you've seen.
                   A       B       C       D       E      F
               +-------+-------+-------+-------+-------+----------------------
         Total | 100.0 | 100.0 |   0.7 |   0.0 |   9.9 |  75.5
       Dungeon | 100.0 | 100.0 |   0.7 |   0.0 |   9.9 |  75.5
               +-------+-------+-------+-------+-------+----------------------

Table legend:
 A = Kills in this place as a percentage of kills in entire the game.
 B = Kills by you in this place as a percentage of kills by you in the entire game.
 C = Kills by friends in this place as a percentage of kills by friends in the entire game.
 D = Other kills in this place as a percentage of other kills in the entire game.
 E = Experience gained in this place as a percentage of experience gained in the entire game.
 F = Experience gained in this place divided by the number of levels of this place that you have seen.
                   A       B       C       D       E      F
               +-------+-------+-------+-------+-------+----------------------
         Total | 100.0 | 100.0 |  -nan |  -nan | 100.0 |  11.5
       Dungeon | 100.0 | 100.0 |  -nan |  -nan | 100.0 |  11.5
               +-------+-------+-------+-------+-------+----------------------
